 Dungeon Crawl Stone Soup version 0.24.0-37-gcf1ca852f1 (webtiles) character file.

Game seed: 15181587497885129396, levelgen mode: deterministic

75754 FessEmpty the Unseen (level 15, -4/77 HPs)
             Began as a Spriggan Enchanter on Nov 22, 2019.
             Was a High Priest of Ashenzari.
             Slain by a golden dragon simulacrum (8 damage)
             ... in an ice cave.
             The game lasted 02:21:07 (28278 turns).

FessEmpty the Unseen (Spriggan Enchanter)          Turns: 28278, Time: 02:21:08

Health: -4/77      AC:  7    Str:  4    XL:     15   Next: 10%
Magic:  12/28      EV: 32    Int: 22    God:    Ashenzari [*****.]
Gold:   1824       SH:  6    Dex: 15    Spells: 15/31 levels left

rFire    x . .     SeeInvis +   Q - +7 captain's cutlass {speed, disarm} (curse)
rCold    + . .     Gourm    .   C - +0 buckler of the Dragon {Regen+ rCorr SInv}
rNeg     . . .     Faith    .   N - +0 troll leather armour (curse)
rPois    .         Spirit   .   g - +2 hat of Cowardice {+Blink rElec Dex-3} (curse)
rElec    +         Reflect  .   l - +0 cloak
rCorr    +         Harm     .   (gloves unavailable)
MR       ++...     Clarity  +   (boots unavailable)
Stlth    +++++++...             (no amulet)
HPRegen  2.02/turn              K - ring of ice
MPRegen  0.21/turn              A - +3 ring of evasion (curse)

@: regenerating (expiring), very quick
A: very small, unfitting armour, see invisible, herbivore, speed 3, slow
metabolism 2
a: Curse Item, Scrying, Transfer Knowledge, Renounce Religion, Evoke Blink


You were in an ice cave.
You worshipped Ashenzari.
Ashenzari was extremely pleased with you.
You were very hungry.

You visited 3 branches of the dungeon, and saw 23 of its levels.
You also visited: Sewer, Gauntlet and Ice Cave.

You collected 1920 gold pieces.
You spent 96 gold pieces at shops.

Inventory:

Hand Weapons
 B - the +9 staff of Olgreb {rPois}
   (You found it on level 6 of the Dungeon)

   It protects you from poison.
 Q - the cursed +7 captain's cutlass (weapon) {speed, disarm}
   (You acquired it on level 4 of the Lair of Beasts)

   Attacks with this weapon are significantly faster.
   It has a curse placed upon it.
Missiles
 f - 15 boomerangs (quivered)
 w - 47 poisoned darts
 U - 4 curare-tipped darts
Armour
 g - the cursed +2 hat of Cowardice (worn) {+Blink rElec Dex-3}
   (You found it in a Gauntlet)

   It affects your dexterity (-3).
   It insulates you from electricity.
   It lets you blink.
   It has a curse placed upon it.
 l - a +0 cloak (worn)
 C - the +0 buckler of the Dragon (worn) {Regen+ rCorr SInv}
   (You found it in an ice cave)

   It lets you see invisible.
   It increases your rate of regeneration.
   It provides partial protection from all sources of acid and corrosion.
 N - a cursed +0 troll leather armour (worn)
Jewellery
 h - an uncursed ring of poison resistance
 A - a cursed +3 ring of evasion (right hand)
 E - an uncursed amulet of the acrobat
 J - an uncursed ring of magical power
 K - a ring of ice (left hand)
Wands
 r - a wand of disintegration (11)
 u - a wand of clouds (6)
 z - a wand of iceblast (35)
 D - a wand of enslavement (16)
 F - a wand of flame (32)
 H - a wand of paralysis (50)
 Y - a wand of random effects (30)
 Z - a wand of acid (2)
Scrolls
 m - 7 scrolls of fear
 n - 4 scrolls of magic mapping
 p - 4 scrolls of amnesia
 q - a scroll of enchant armour
 t - 7 scrolls of teleportation
 v - 4 scrolls of immolation
 y - a scroll of identify
 G - 3 scrolls of blinking
 P - 4 scrolls of torment
 S - 2 scrolls of summoning
 V - a scroll of vulnerability
Potions
 a - 4 potions of flight
 b - 5 potions of brilliance
 e - 2 potions of heal wounds
 i - 2 potions of haste {unknown}
 j - 4 potions of might
 k - 2 potions of berserk rage {unknown}
 o - 2 potions of agility {unknown}
 s - 2 potions of invisibility {unknown}
 x - 4 potions of magic
 I - 3 potions of lignification {unknown}
 O - 3 potions of cancellation {unknown}
 R - 2 potions of mutation {unknown}
 T - a potion of curing
Miscellaneous
 c - a fan of gales (inert)
Comestibles
 d - 47 rations


   Skills:
 - Level 8.0 Fighting
 - Level 14.8(18.3) Short Blades
 - Level 5.0 Throwing
 - Level 15.5(17.7) Dodging
 - Level 16.8(18.9) Stealth
 * Level 2.5 Shields
 - Level 8.6 Spellcasting
 - Level 6.0 Hexes
 - Level 8.5 Charms
 - Level 5.3 Necromancy
 - Level 4.4 Translocations
 - Level 1.1 Ice Magic
 - Level 6.2 Evocations


You had 15 spell levels left.
You knew the following spells:

 Your Spells              Type           Power        Failure   Level  Hunger
a - Corona                Hex            #####..      1%          1    None
b - Ensorcelled Hibernat  Hex/Ice        #####.       6%          2    None
c - Tukima's Dance        Hex            #####...     4%          3    None
d - Confuse               Hex            #####...     4%          3    None
e - Regeneration          Chrm/Necr      #####.....   3%          3    None
f - Shroud of Golubria    Chrm/Tloc      #####.       1%          2    None
g - Blink                 Tloc           N/A          4%          2    None

Your spell library contained the following spells:

 Spells                   Type           Power        Failure   Level  Hunger
 Infusion                 Chrm           ####         1%          1    None
 Song of Slaying          Chrm           #####...     1%          2    None
 Slow                     Hex            #####...     2%          2    None
 Spectral Weapon          Hex/Chrm       #####...     2%          3    None
 Swiftness                Chrm/Air       ####....     4%          2    None
 Dazzling Spray           Conj/Hex       ###...       16%         3    None
 Summon Guardian Golem    Hex/Summ       ###.....     16%         3    None
 Beastly Appendage        Tmut           #.....       19%         1    None
 Magic Dart               Conj           #...         19%         1    None
 Shock                    Conj/Air       #...         19%         1    None
 Sting                    Conj/Pois      #...         19%         1    None
 Summon Butterflies       Summ           #.......     19%         1    None
 Summon Small Mammal      Summ           #...         19%         1    None
 Call Imp                 Summ           #.......     26%         2    None
 Poisonous Vapours        Pois/Air       #.....       26%         2    None
 Sticks to Snakes         Tmut           #.......     26%         2    None
 Call Canine Familiar     Summ           #.......     47%         3    None
 Conjure Flame            Conj/Fire      #.......     47%         3    None
 Mephitic Cloud           Conj/Pois/Air  #.......     47%         3    None
 Spider Form              Tmut/Pois      #.........   47%         3    None
 Static Discharge         Conj/Air       #.......     47%         3    None
 Iskenderun's Battlesphe  Conj/Chrm      ####....     63%         5    #####..
 Ice Form                 Ice/Tmut       ###.....     80%         4    ###....
 Summon Ice Beast         Ice/Summ       ###.....     80%         4    ###....
 Summon Mana Viper        Hex/Summ       ###.....     80%         5    #####..
 Airstrike                Air            #.........   87%         4    ###....
 Olgreb's Toxic Radiance  Pois           #.......     87%         4    ###....
 Summon Lightning Spire   Summ/Air       #.......     87%         4    ###....
 Blade Hands              Tmut           #.........   99%         5    #####..
 Bolt of Magma            Conj/Fire/Erth #.........   99%         5    #####..
 Lightning Bolt           Conj/Air       #.........   99%         5    #####..
 Venom Bolt               Conj/Pois      #.........   99%         5    #####..
 Iron Shot                Conj/Erth      #.........   100%        6    ######.
 Orb of Destruction       Conj           #.........   100%        7    #######
 Spellforged Servitor     Conj/Summ      #.........   100%        7    #######
 Summon Hydra             Summ           #.........   100%        7    #######


Dungeon Overview and Level Annotations

Branches:
Dungeon (15/15)            Temple (0/1) D:5            Lair (6/6) D:8
  Swamp (2/4) Lair:2        Snake (0/4) Lair:4        Slime (0/5) Lair:6
    Orc (0/2) D:9          Vaults (0/5) D:13         Depths (0/5) D:15
  Sewer (visited)           IceCv (1/1)             Gauntlet (visited)

Altars:
Ashenzari
Elyvilon
Fedhas
Gozag
Kikubaaqudgha
Makhleb
Nemelex Xobeh
Okawaru
Sif Muna
Uskayaw
The Shining One
Jiyva

Shops:
D:4 !   D:6 *   D:10 **%?   D:13 :

Annotations:
D:5 3 runed translucent doors, Ereth's ghost, amateur TrFi; grindst0ne's ghost, novice CeHu
D:6 1 runed translucent door
D:7 Harold
Lair:1 1 exclusion


Innate Abilities, Weirdness & Mutations

You are very small and have problems with some larger weapons.
You are too small for most types of armour.
You have supernaturally acute eyesight. (SInv)
You are a herbivore.
You cover ground extremely quickly.
You need to consume almost no food.


Message History

You are engulfed in freezing vapours.
You resist.
You are feeling very hungry.
Your skin stops crawling.
Casting: Regeneration (safe; 2% risk of failure)
Confirm with . or Enter, or press ? or * to list all spells.
Your skin crawls.
You start resting.
HP restored.
Really walk into a travel-excluded area?
The ice statue gestures.
The ice statue glitters chillingly in the dim dungeon light.
The ice statue gestures.
Found 29 gold pieces, a smoky brown potion and 17 stones.
The white very ugly thing gurgles horribly!
You impale the ice statue!!
The ice statue is moderately damaged.
The ice statue gestures at you. The shard of ice hits you!!
You partially resist.
You hit the ice statue.
The ice statue is moderately damaged.
Your skin is crawling a little less now.
The ice beast misses you.
You puncture the ice statue!
The ice statue is heavily damaged.
You hit the ice statue.
The ice statue is heavily damaged.
You puncture the ice statue!
The ice statue is severely damaged.
The ice beast completely misses you.
Your troll leather armour prevents you from hitting the ice statue.
The ice statue is severely damaged.
You impale the ice statue!!
The ice statue is almost destroyed.
The ice statue gestures at you. You block the shard of ice.
You hit the ice statue.
The ice statue is almost destroyed.
The ice beast hits you but does no damage.
You completely miss the ice statue.
The ice statue is almost destroyed.
You completely miss the ice statue.
The ice statue is almost destroyed.
The ice statue gestures at you. The bolt of cold misses you.
You puncture the ice statue!
You destroy the ice statue!
The ice beast disappears in a puff of smoke! x3
Your skin stops crawling.
The harpy simulacrum misses you.
The harpy simulacrum completely misses you.
You puncture the harpy simulacrum!
The harpy simulacrum is heavily damaged.
You block the harpy simulacrum's attack.
The harpy simulacrum claws you. The harpy simulacrum freezes you! You resist.
You puncture the harpy simulacrum!
The harpy simulacrum vapourises!
Throwing (i - inventory. (/) - cycle)
f - 15 boomerangs (quivered)
Press: ? - help, Shift-Dir - straight line, f - white very ugly thing
Aim: a white very ugly thing
Okay, then.
Okay, then.
Casting: Regeneration (safe; 2% risk of failure)
Confirm with . or Enter, or press ? or * to list all spells.
Your skin crawls.
Evoke which item? (* to show all) (? for menu, Esc to quit)
Aiming: Cloud Cone
Press: ? - help, Dir - move target cursor, f - seven-headed hydra simulacrum
Aim: a seven-headed hydra simulacrum You create a blast of flame!
The white very ugly thing is engulfed in blazing flames.
The seven-headed hydra simulacrum is engulfed in blazing flames.
Really walk into that cloud of freezing vapour?
Okay, then.
Casting: Regeneration (safe; 2% risk of failure)
Confirm with . or Enter, or press ? or * to list all spells.
Aiming: Confuse (safe; 3% risk of failure)
Press: ? - help, Shift-Dir - straight line, f - white very ugly thing, p - seven-headed hydra simulacrum
Aim: a white very ugly thing (flame, lightly wounded, chance to defeat MR: 47%)
The white very ugly thing resists with some effort.
The white very ugly thing is engulfed in blazing flames.
Casting: Confuse (safe; 3% risk of failure)
Confirm with . or Enter, or press ? or * to list all spells.
Aiming: Confuse (safe; 3% risk of failure)
Press: ? - help, Shift-Dir - straight line, f/p - white very ugly thing
Aim: a white very ugly thing (lightly wounded, chance to defeat MR: 47%)
The white very ugly thing resists with some effort.
The white very ugly thing completely misses you.
The seven-headed hydra simulacrum is engulfed in blazing flames.
Casting: Confuse (safe; 3% risk of failure)
Confirm with . or Enter, or press ? or * to list all spells.
Aiming: Confuse (safe; 3% risk of failure)
Press: ? - help, Shift-Dir - straight line, f/p - white very ugly thing
Aim: a white very ugly thing (lightly wounded, chance to defeat MR: 47%)
The white very ugly thing resists with some effort.
The white very ugly thing misses you.
The six-headed hydra simulacrum is engulfed in blazing flames.
The seven-headed hydra simulacrum is engulfed in blazing flames.
The seven-headed hydra simulacrum vapourises!
Casting: Confuse (safe; 3% risk of failure)
Confirm with . or Enter, or press ? or * to list all spells.
Aiming: Confuse (safe; 3% risk of failure)
Press: ? - help, Shift-Dir - straight line, f/p - white very ugly thing
Aim: a white very ugly thing (lightly wounded, chance to defeat MR: 47%)
The white very ugly thing appears confused.
The white very ugly thing bites you! The white very ugly thing freezes you!!
You resist.
The six-headed hydra simulacrum is engulfed in blazing flames.
The six-headed hydra simulacrum vapourises!
The golden dragon simulacrum is engulfed in blazing flames.
You completely miss the white very ugly thing.
The white very ugly thing is lightly wounded.
The white very ugly thing bites you! The white very ugly thing freezes you!
You resist.
* * * LOW HITPOINT WARNING * * *
The golden dragon simulacrum is engulfed in blazing flames.
The white very ugly thing bites the golden dragon simulacrum but does no damage.
Throwing (i - inventory. (/) - cycle)
f - 15 boomerangs (quivered)
Press: ? - help, Shift-Dir - straight line, f/p - white very ugly thing
Aim: a white very ugly thing (lightly wounded, confused)
You throw a boomerang.
The boomerang hits the white very ugly thing!
The white very ugly thing is lightly wounded.
Throwing (i - inventory. (/) - cycle)
f - 15 boomerangs (quivered)
Press: ? - help, Shift-Dir - straight line, f/p - white very ugly thing
Aim: a white very ugly thing (lightly wounded, confused)
You throw a boomerang.
The boomerang hits the white very ugly thing!
The white very ugly thing is moderately wounded.
You feel a little less mighty now.
Evoke which item? (* to show all) (? for menu, Esc to quit)
Aiming: Disintegrate
Press: ? - help, Shift-Dir - straight line, f/p - white very ugly thing
Aim: a white very ugly thing (moderately wounded, confused, chance to defeat MR: 72%)
The white very ugly thing is blasted!
Evoke which item? (* to show all) (? for menu, Esc to quit)
Aiming: Disintegrate
Press: ? - help, Shift-Dir - straight line, f/p - white very ugly thing
Aim: a white very ugly thing (moderately wounded, confused, chance to defeat MR: 72%)
The white very ugly thing is blasted!
The white very ugly thing bites the golden dragon simulacrum!
The white very ugly thing freezes the golden dragon simulacrum.
The golden dragon simulacrum completely resists.
Throwing (i - inventory. (/) - cycle)
f - 15 boomerangs (quivered)
Press: ? - help, Shift-Dir - straight line, f/p - white very ugly thing
Aim: a white very ugly thing (heavily wounded, confused)
Okay, then.
Evoke which item? (* to show all) (? for menu, Esc to quit)
Aiming: Disintegrate
Press: ? - help, Shift-Dir - straight line, f/p - white very ugly thing
Aim: a white very ugly thing (heavily wounded, confused, chance to defeat MR: 72%)
The white very ugly thing struggles to resist.
Evoke which item? (* to show all) (? for menu, Esc to quit)
Aiming: Disintegrate
Press: ? - help, Shift-Dir - straight line, f/p - white very ugly thing
Aim: a white very ugly thing (heavily wounded, confused, chance to defeat MR: 72%)
The white very ugly thing struggles to resist.
You hit the golden dragon simulacrum but do no damage.
The golden dragon simulacrum is severely damaged.
Throwing (i - inventory. (/) - cycle)
f - 15 boomerangs (quivered)
Press: ? - help, Shift-Dir - straight line, f/p - white very ugly thing
Aim: a white very ugly thing (heavily wounded, confused)
Okay, then.
Casting: Confuse (safe; 4% risk of failure)
Confirm with . or Enter, or press ? or * to list all spells.
Aiming: Confuse (safe; 4% risk of failure)
Press: ? - help, Shift-Dir - straight line, f - golden dragon simulacrum, p - white very ugly thing
Aim: a golden dragon simulacrum (severely damaged, chance to defeat MR: 61%)
The golden dragon simulacrum resists with significant effort.
There is an ice choked empty arch of ancient stone here.
Casting: Confuse (safe; 4% risk of failure)
Confirm with . or Enter, or press ? or * to list all spells.
Aiming: Confuse (safe; 4% risk of failure)
Press: ? - help, Shift-Dir - straight line, f/p - golden dragon simulacrum
Aim: a golden dragon simulacrum (severely damaged, chance to defeat MR: 61%)
The golden dragon simulacrum resists with significant effort.
The white very ugly thing seems less confused.
Evoke which item? (* to show all) (? for menu, Esc to quit)
Aiming: Corrosive Bolt
Press: ? - help, Shift-Dir - straight line, p - golden dragon simulacrum The bolt of acid hits the golden dragon simulacrum but does no damage.
The golden dragon simulacrum is severely damaged.
The bolt of acid misses the white very ugly thing.
Evoke which item? (* to show all) (? for menu, Esc to quit)
Aiming: Corrosive Bolt
Press: ? - help, Shift-Dir - straight line The bolt of acid hits the golden dragon simulacrum but does no damage.
The golden dragon simulacrum is severely damaged.
The bolt of acid hits the white very ugly thing!
The white very ugly thing is splashed with acid.
The acid corrodes the white very ugly thing!
The white very ugly thing is severely wounded.
Your skin is crawling a little less now.
The golden dragon simulacrum bites you!
The golden dragon simulacrum freezes you!
You resist. The golden dragon simulacrum claws you.
The golden dragon simulacrum freezes you!!
You resist.
* * * LOW HITPOINT WARNING * * *
The golden dragon simulacrum tramples you!
You die...

####### ##########
#.....## ##...(.#...
#......###......#...
#.......#.......#...
#.......#.......#...
#.∩@Zu..............
#.......#.......#...
#.......#.......#...
#......###......#...
#.....## ##.....#...
####### ##########


You could see a white very ugly thing and a golden dragon simulacrum.

Vanquished Creatures
  A frost giant (D:15)
  An ironheart preserver (D:13)
  A very ugly thing (IceCv)
  A minotaur (Gauntlet)
  Josephine (D:15)
  An ice dragon (D:10)
  Erolcha (D:13)
  A ghost crab (Swamp:1)
  7 hydras
  3 centaur warriors
  Erica (D:10)
  A death yak (Lair:1)
  A two-headed ogre (D:10)
  An alligator (Swamp:1)
  Urug (Lair:1)
  4 unseen horrors
  A swamp dragon (Swamp:1)
  An orange crystal statue (Gauntlet)
  A lindwurm (Lair:3)
  2 deep elf magi
  2 orc sorcerers (D:10)
  3 ugly things
  3 manticores
  A cyclops (D:15)
  5 elephants
  Joseph (D:8)
  5 ice statues (IceCv)
  20 spiny frogs
  3 molten gargoyles (D:15)
  A gargoyle (D:11)
  6 centaur skeletons
  A yaktaur (D:15)
  2 kobold demonologists
  4 komodo dragons
  A rime drake (Lair:3)
  An efreet (D:15)
  A demonic crawler (Lair:5)
  2 anaconda simulacra (IceCv)
  4 trolls
  3 slime creatures (D:15)
  Prince Ribbit (D:7)
  24 blink frogs
  10 hippogriffs
  A bog body (Swamp:1)
  5 tyrant leeches
  A meliai zombie (D:14)
  2 shadows
  A vampire (D:8)
  4 wyverns
  A human (D:11)
  6 wraiths
  5 basilisks
  20 yaks
  Grum (D:8)
  2 hungry ghosts
  16 vampire mosquitoes
  Menkaure (D:7)
  2 harpy simulacra (IceCv)
  6 swamp worms
  Duvessa (D:7)
  4 hydra simulacra (IceCv)
  2 acid dragons
  5 soldier ants
  2 nagas (Lair:4)
  16 water moccasins
  3 porcupines
  10 ice beasts
  4 sky beasts
  2 black bears
  3 orc warriors
  An eye of draining (D:10)
  4 phantoms
  A necrophage (D:8)
  A boggart (shapeshifter) (D:13)
  3 wolves (D:8)
  4 centaurs
  8 ogres
  10 crocodiles
  5 big kobolds
  27 bullfrogs
  A wyvern zombie (D:13)
  4 scorpions
  Dowan (D:7)
  63 killer bees
  8 wights (D:15)
  2 electric eels (Lair:6)
  A lava snake (D:15)
  4 crimson imps
  5 centaur zombies
  8 jellies
  2 quasits (D:13)
  4 hounds
  6 orc wizards
  5 orc priests
  3 bullfrog skeletons
  4 iguanas
  2 hell rats (Lair:1)
  20 worker ants
  A hound skeleton (D:11)
  A worker ant zombie (D:6)
  7 gnolls
  25 adders
  3 river rats
  A shadow imp (D:15)
  2 oozes
  2 adder skeletons (D:7)
  4 worms
  4 dart slugs
  2 leopard geckos
  28 orcs
  10 giant cockroaches
  5 goblins
  9 hobgoblins
  14 jackals
  3 quokkas
  6 ball pythons
  4 bats
  8 frilled lizards
  10 kobolds
  A quokka skeleton (D:7)
  12 rats
  A fungus (Gauntlet)
632 creatures vanquished.

Vanquished Creatures (collateral kills)
  A hydra (Lair:5)
  2 two-headed ogres
  3 yaks (Lair:5)
  A sky beast (D:14)
  An ogre (D:9)
  2 killer bees (Lair:5)
  A wight (D:13)
  2 orcs
  A kobold (D:14)
14 creatures vanquished.

Vanquished Creatures (others)
  A molten gargoyle (D:15)
  2 dancing weapons
  16 fungi
  38 plants
57 creatures vanquished.

Grand Total: 703 creatures vanquished

Notes
Turn   | Place    | Note
-------+----------+-------------------------------------------
     0 | D:1      | FessEmpty the Spriggan Enchanter began the quest for the
                  | Orb.
     0 | D:1      | Reached XP level 1. HP: 9/9 MP: 5/5
   225 | D:1      | Reached XP level 2. HP: 10/14 MP: 5/7
   707 | D:1      | Reached skill level 1 in Fighting
   812 | D:1      | Learned a level 2 spell: Ensorcelled Hibernation
  1000 | D:1      | You fall into a shaft and drop 1 floor!
  1034 | D:2      | Reached XP level 3. HP: 18/18 MP: 6/8
  1039 | D:2      | Learned a level 3 spell: Tukima's Dance
  1180 | D:2      | Reached skill level 1 in Throwing
  2027 | D:3      | Found a glowing drain.
  2036 | Sewer    | Entered a sewer
  2067 | Sewer    | Reached XP level 4. HP: 12/22 MP: 8/10
  2528 | Sewer    | Reached skill level 1 in Ice Magic
  2629 | Sewer    | Noticed a bullfrog
  2671 | D:2      | HP: 1/22 [bullfrog (7)]
  3370 | D:3      | Reached XP level 5. HP: 19/25 MP: 7/11
  3560 | D:3      | Found a blossoming altar of Fedhas.
  3672 | D:3      | Found an iron altar of Okawaru.
  3673 | D:3      | Found an ancient bone altar of Kikubaaqudgha.
  3708 | D:3      | Found a glowing golden altar of the Shining One.
  3759 | D:3      | Learned a level 3 spell: Confuse
  4045 | D:3      | Reached skill level 5 in Hexes
  4262 | D:4      | Found Gimidd's Distillery.
  4291 | D:4      | Reached XP level 6. HP: 30/30 MP: 13/13
  4777 | D:4      | Found a shattered altar of Ashenzari.
  4789 | D:4      | Became a worshipper of Ashenzari the Shackled
  4947 | D:4      | Reached skill level 5 in Spellcasting
  5428 | D:5      | Entered Level 5 of the Dungeon
  5550 | D:5      | Reached XP level 7. HP: 33/36 MP: 15/15
  5785 | D:5      | Found a staircase to the Ecumenical Temple.
  6097 | D:5      | Found an opulent altar of Gozag.
  6097 | D:5      | Found a sparkling altar of Nemelex Xobeh.
  6426 | D:5      | Reached * piety under Ashenzari
  6459 | D:5      | Found a runed translucent gate.
  6459 | D:5      | Found a runed translucent gate.
  6459 | D:5      | Found a runed translucent gate.
  6463 | D:5      | Noticed Ereth's ghost (amateur TrFi)
  6463 | D:5      | Noticed grindst0ne's ghost (novice CeHu)
  6741 | D:5      | Found a shimmering blue altar of Sif Muna.
  7003 | D:6      | Reached XP level 8. HP: 37/42 MP: 18/18
  7207 | D:6      | Found Aly Yduc's Assorted Antiques.
  7210 | D:6      | Bought a glowing robe for 96 gold pieces
  7305 | D:6      | Found a runed translucent gate.
  7311 | D:6      | Found a runed translucent door.
  7313 | D:6      | Found a runed translucent gate.
  7321 | D:6      | Found a runed translucent door.
  7323 | D:6      | Found the +9 staff of Olgreb {rPois}
  7343 | D:6      | Found a runed translucent gate.
  7905 | D:6      | Reached skill level 5 in Fighting
  8141 | D:6      | Reached skill level 5 in Throwing
  8289 | D:6      | Reached XP level 9. HP: 30/48 MP: 19/21
  8356 | D:6      | Reached skill level 5 in Stealth
  8753 | D:7      | Noticed Prince Ribbit
  8782 | D:7      | Killed Prince Ribbit
  8836 | D:7      | Noticed Harold
  8839 | D:7      | Reached skill level 6 in Stealth
  8949 | D:6      | Reached skill level 5 in Dodging
  9050 | D:7      | Identified the +2 shield of Fetapsil {rElec MR+++ Dex+3
                  | Stlth-}
  9189 | D:7      | Reached skill level 5 in Short Blades
  9317 | D:7      | Found a burning altar of Makhleb.
  9320 | D:7      | Noticed a blizzard demon
  9483 | D:7      | Noticed Duvessa
  9483 | D:7      | Noticed Dowan
  9492 | D:7      | Killed Dowan
  9533 | D:7      | Noticed Menkaure
  9538 | D:6      | Reached skill level 7 in Stealth
  9759 | D:7      | Killed Duvessa
  9943 | D:7      | Killed Menkaure
  9943 | D:7      | Reached XP level 10. HP: 53/53 MP: 14/23
 10086 | D:8      | Noticed Joseph
 10390 | D:8      | Found a staircase to the Lair.
 10593 | D:8      | Killed Joseph
 10604 | D:8      | Reached skill level 8 in Stealth
 10727 | D:8      | Reached ** piety under Ashenzari
 10727 | D:8      | Noticed Grum
 10805 | D:8      | Killed Grum
 11020 | D:9      | Found a hide-covered altar of Uskayaw.
 11053 | D:9      | Identified the cursed +0 dagger "Essurhao" {pierce,
                  | *Corrode rPois rF+ MR+}
 11462 | D:9      | Found a staircase to the Orcish Mines.
 11585 | D:10     | Entered Level 10 of the Dungeon
 11585 | D:10     | Found Cineaci's General Store.
 11658 | D:10     | Reached skill level 9 in Stealth
 11662 | D:10     | Noticed a two-headed ogre
 11716 | D:10     | Found Deamuz's Magic Scroll Emporium.
 12135 | D:10     | Found Rafis's Food Emporium.
 12139 | D:10     | Noticed Erica
 12549 | D:10     | Noticed an orc sorcerer
 12551 | D:10     | Killed an orc sorcerer
 12551 | D:10     | Reached XP level 11. HP: 58/58 MP: 24/24
 12705 | D:10     | Noticed an orc sorcerer
 12706 | D:10     | Noticed a sixfirhy
 12710 | D:10     | Killed an orc sorcerer
 12731 | D:10     | Killed Erica
 12859 | D:10     | Killed a two-headed ogre
 12859 | D:10     | Reached skill level 10 in Stealth
 13016 | D:10     | Noticed an ice dragon
 13063 | D:10     | Killed an ice dragon
 13319 | D:10     | Found Hiotikk's Assorted Antiques.
 13454 | D:11     | Noticed an unseen horror
 13465 | D:11     | Killed an unseen horror
 13465 | D:11     | Reached skill level 10 in Short Blades
 13687 | D:11     | Reached *** piety under Ashenzari
 13690 | D:11     | Reached skill level 11 in Stealth
 13700 | D:11     | Reached skill level 10 in Dodging
 14542 | D:12     | Noticed a two-headed ogre
 14588 | D:12     | Killed a two-headed ogre
 14668 | D:12     | Learned a level 3 spell: Regeneration
 14671 | D:12     | Learned a level 2 spell: Shroud of Golubria
 14698 | D:12     | Reached skill level 1 in Charms
 14698 | D:12     | Reached skill level 1 in Translocations
 14711 | D:12     | Reached skill level 1 in Necromancy
 14863 | D:12     | Reached XP level 12. HP: 64/64 MP: 25/25
 15692 | D:12     | Reached skill level 5 in Charms
 15761 | D:13     | Noticed a centaur warrior
 16011 | D:13     | Found Tuxege's Book Emporium.
 16247 | D:13     | Noticed a centaur warrior
 16361 | D:13     | Found a white marble altar of Elyvilon.
 16544 | Lair:1   | Entered Level 1 of the Lair of Beasts
 16603 | Lair:1   | Noticed a death yak
 16609 | Lair:1   | Killed a death yak
 16877 | Lair:1   | Reached **** piety under Ashenzari
 16908 | Lair:1   | Noticed Urug
 16922 | Lair:1   | Killed Urug
 17134 | Lair:1   | Noticed a fire dragon
 17503 | Lair:2   | Reached skill level 5 in Necromancy
 18008 | Lair:2   | Found a staircase to the Swamp.
 18354 | Lair:3   | Reached XP level 13. HP: 66/68 MP: 0/26
 18411 | Lair:3   | Reached skill level 12 in Stealth
 19295 | Lair:4   | Reached ***** piety under Ashenzari
 19348 | Lair:4   | Found a staircase to the Snake Pit.
 19457 | Lair:4   | Identified a scroll of acquirement
 19461 | Lair:4   | Found the cursed +7 captain's cutlass {speed, disarm}
 19923 | Lair:5   | Found a gate leading to a gauntlet.
 19930 | Gauntlet | Entered a Gauntlet
 19930 | Gauntlet | Found a transporter.
 19939 | Gauntlet | Found a transporter.
 19940 | Gauntlet | Found a transporter.
 19941 | Gauntlet | Identified the +5 quarterstaff of Nugimoki {protect, rF+
                  | rC- Dex+4 Stlth+}
 19944 | Gauntlet | Found a transporter.
 19945 | Gauntlet | Found a transporter.
 19945 | Gauntlet | Found a transporter.
 19952 | Gauntlet | Found a runed translucent door.
 19954 | Gauntlet | Found a transporter.
 19955 | Gauntlet | Identified the ring "Gifukhly" {Fire Str+3 Int-2 Stlth+}
 19962 | Gauntlet | Found a transporter.
 19969 | Gauntlet | Noticed a blizzard demon
 19974 | Gauntlet | Found a transporter.
 19982 | Gauntlet | Found a transporter.
 19982 | Gauntlet | Found a transporter.
 19984 | Gauntlet | Found a runed translucent gate.
 19984 | Gauntlet | Found a runed translucent gate.
 19990 | Gauntlet | Found a runed translucent gate.
 19990 | Gauntlet | Found a transporter.
 20085 | Gauntlet | Noticed a blizzard demon
 20177 | Gauntlet | Got the uncursed hat of Cowardice {+Blink rElec Dex-3}
 20227 | Gauntlet | Identified the +2 hat of Cowardice {+Blink rElec Dex-3}
                  | (You found it in a Gauntlet)
 20309 | Gauntlet | Noticed a minotaur
 20348 | Gauntlet | Killed a minotaur
 20348 | Gauntlet | Reached skill level 13 in Stealth
 20852 | Lair:5   | Reached skill level 1 in Evocations
 21976 | Lair:6   | Entered Level 6 of the Lair of Beasts
 21997 | Lair:6   | Found a staircase to the Slime Pits.
 21997 | Lair:6   | Found a viscous altar of Jiyva.
 22250 | Lair:6   | Reached skill level 14 in Stealth
 23120 | Lair:6   | Reached XP level 14. HP: 72/72 MP: 7/27
 23212 | Lair:6   | Identified the +8 hand axe "Dukinuq" {drain, *Drain Int+5}
 24181 | D:8      | Reached skill level 15 in Stealth
 24267 | D:13     | Noticed Erolcha
 24274 | D:13     | Killed Erolcha
 24730 | D:13     | Noticed an ironheart preserver
 24838 | D:13     | Killed an ironheart preserver
 24993 | D:13     | Found a gate to the Vaults.
 25088 | D:14     | Found a hide-covered altar of Uskayaw.
 25725 | D:15     | Entered Level 15 of the Dungeon
 25930 | D:15     | Identified the cursed +1 robe "Vumiyllu" {rElec rPois
                  | Dex-2} (You acquired it on level 15 of the Dungeon)
 25954 | D:15     | Reached skill level 16 in Stealth
 25998 | D:15     | Reached skill level 5 in Evocations
 26265 | D:15     | Noticed Josephine
 26357 | D:15     | Killed Josephine
 26357 | D:15     | Reached skill level 15 in Dodging
 26610 | D:15     | Found a staircase to the Depths.
 26610 | D:15     | Noticed a frost giant
 26612 | D:15     | Killed a frost giant
 26864 | Swamp:1  | Entered Level 1 of the Swamp
 26871 | Swamp:1  | Learned a level 2 spell: Blink
 27609 | Swamp:2  | Found a frozen archway.
 27620 | IceCv    | Entered an ice cave
 27668 | IceCv    | Reached XP level 15. HP: 77/77 MP: 6/28
 27692 | IceCv    | Got the uncursed buckler of the Dragon {Regen+ rCorr SInv}
 27698 | IceCv    | Identified the +0 buckler of the Dragon {Regen+ rCorr SInv}
                  | (You found it in an ice cave)
 27729 | IceCv    | Reached skill level 1 in Shields
 28278 | IceCv    | Slain by a golden dragon simulacrum

Levels and vault maps discovered:
D:1:      nzn_arrival_crosshair, layout_loops_ring, nrook_campfire
D:2:      layout_basic, item_on_display_a
D:3:      layout_basic, tso_oasis_becter, old_standard_altar,
          gammafunk_temple_overflow_statue, portal_sewer_entry_a
D:4:      layout_rooms, lemuel_round_altar, serial_shops, nicolae_shop_trees
D:5:      layout_loops_corners, grunt_temple_overflow_opulence, led_sif_pool,
          minmay_temple_entry_gardened_gates, first_ration,
          gammafunk_ghost_cemetery
D:6:      layout_basic, serial_shops, nicolae_shop_behind_doors,
          minmay_guarded_unrand_staff_of_olgreb
D:7:      layout_cave_pools, makhleb_altar_promises_db, kennysheep_small_square,
          uniq_menkaure, uniq_duvessa, uniq_harold, uniq_prince_ribbit1
D:8:      layout_gridville, david_lair_generic, uniq_grum, uniq_joseph
D:9:      layout_basic, nicolae_overflow_crystal_walls, orc_0_dummy
D:10:     minmay_the_grid_plus [minmay_the_grid_tri_star,
          minmay_the_grid_pillar_ring, minmay_the_grid_plusring,
          minmay_the_grid_dragon_a, minmay_the_grid_prize_inner_circle],
          layout_cave_pools, serial_shops, shop_coins, shop, shop_statue,
          kennysheep_mini_moat, uniq_erica
D:11:     layout_stronghold, serial_rivers, chequers_serial_rivers_large_b,
          chequers_serial_rivers_room_a, chequers_serial_rivers_large_a,
          chequers_serial_rivers_small_a, chequers_serial_rivers_micro_c,
          chequers_serial_rivers_micro_d, grunt_pizzeria
D:12:     layout_roguey, hangedman_abyss_or_decor_passed
D:13:     layout_rooms, skrybe_vaults_entry_preservation, basic_altar,
          serial_shops, shop, nicolae_benzene_ring, uniq_erolcha
D:14:     layout_loops_cross, basic_altar, minmay_misc_feat_plants
D:15:     grunt_enter_depths_snipers, layout_loops_ring, serial_park_tiny_2,
          minivault_8, uniq_josephine
Lair:1:   dragon1_lemuel, layout_regular_city, kennysheep_abandoned_house,
          uniq_urug
Lair:2:   layout_small_grid, minmay_swamp_entry_worms
Lair:3:   layout_gridlike, cheibrodos_lair_reptile_den
Lair:4:   layout_loops_ring, guppyfry_snake_entry_garden, lemuel_fruit_tree,
          lemuel_fruit_fields
Lair:5:   wad_woods_minihive, layout_layer_cave, gauntlet_entry_generic,
          worms_lemuel, serial_bayou_shore_b
Lair:6:   minmay_lair_end_frog_pond, layout_regular_city, slime_altar_1
Swamp:1:  layout_basic_swamp, hangedman_swamp_ruin_hall
Swamp:2:  layout_basic_swamp, portal_ice_cave_entry_pillars_1,
          evilmike_swamp_ruin_house_5, swamp_pool4, uniq_jorgrun
IceCv:    ice_cave_statue_garden_chambered

Skill      XL: |  1  2  3  4  5  6  7  8  9 10 11 12 13 14 15 |
---------------+----------------------------------------------+-----
Spellcasting   | 3 4 5 6 7 8 |  8.6
Hexes          | 4 5 6 |  6.0
Fighting       | 1 2 3 4 6 7 8 |  8.0
Throwing       | 1 2 3 5 |  5.0
Ice Magic      | 1 |  1.1
Short Blades   | 5 8 10 12 13 14 | 14.8
Stealth        | 7 9 11 14 16 | 16.8
Dodging        | 6 8 10 13 15 | 15.5
Charms         | 2 8 |  8.5
Translocations | 2 4 |  4.4
Necromancy     | 1 5 |  5.3
Evocations     | 4 6 |  6.2
Shields        | 2 |  2.5

Action                   |  1- 3 |  4- 6 |  7- 9 | 10-12 | 13-15 || total
-------------------------+-------+-------+-------+-------+-------++-------
Melee: Dagger            |   156 |   143 |   171 |   557 |    58 ||  1085
       Cutlass           |       |       |       |       |   992 ||   992
Throw: Boomerang         |    18 |    26 |    45 |    13 |    51 ||   153
       Throwing net      |       |     2 |     2 |     1 |     1 ||     6
       Dart              |       |       |    47 |    41 |    23 ||   111
 Cast: Corona            |    41 |    20 |     6 |    14 |     3 ||    84
       Ensorcelled Hiber |     5 |    35 |    57 |   138 |   117 ||   352
       Confuse           |       |     8 |    33 |    74 |   140 ||   255
       Tukima's Dance    |       |       |     2 |    12 |    11 ||    25
       Shroud of Golubri |       |       |       |     4 |     1 ||     5
       Regeneration      |       |       |       |     1 |    18 ||    19
       Blink             |       |       |       |       |     1 ||     1
Invok: Curse Item        |       |     1 |     1 |     1 |     1 ||     4
Evoke: Wand              |       |       |       |     6 |    60 ||    66
       Box of beasts     |       |       |       |       |     1 ||     1
       Phantom mirror    |       |       |       |       |     1 ||     1
       Fan of gales      |       |       |       |       |     1 ||     1
  Use: Scroll            |       |     4 |     3 |     9 |    15 ||    31
       Potion            |       |     2 |       |     1 |     7 ||    10
 Stab: Sleeping          |    10 |    28 |    43 |   107 |    91 ||   279
       Confused          |       |     1 |    12 |    42 |    69 ||   124
       Distracted        |       |       |     2 |     2 |     7 ||    11
       Held in net/web   |       |       |     2 |       |     1 ||     3
  Eat: Ration            |       |     2 |     2 |     4 |     6 ||    14
Armor: Robe              |    15 |    14 |    11 |     6 |       ||    46
       Troll leather arm |       |       |       |    13 |    70 ||    83
Dodge: Dodged            |   152 |   106 |   154 |   396 |   861 ||  1669
Block: Buckler           |       |       |       |       |    20 ||    20
